 Dungeon Crawl Stone Soup version 0.31-a0-344-gd109795599 (webtiles) character file.

Game seed: 17686576179118535139

307 gruber the Magician (level 6, -6/29 (32) HPs)
             Began as a Deep Elf Fire Elementalist on July 21, 2023.
             Mangled by a wight
             ... wielding a +0 dire flail of protection
              (9 damage)
             ... on level 4 of the Dungeon.
             The game lasted 00:03:40 (3584 turns).

gruber the Magician (Deep Elf Fire Elementalist)    Turns: 3584, Time: 00:03:41

HP:   -6/29 (32)    AC:  3    Str:  5    XL:     6   Next: 16%
MP:   15/17         EV: 17    Int: 22    God:
Gold: 109           SH:  0    Dex: 15    Spells: 14/17 levels left

rFire   . . .        (no weapon)
rCold   + . .        (no shield)
rNeg    . . .        a - +0 robe
rPois   .            (no helmet)
rElec   .            c - scarf {+Inv}
rCorr   .            r - +0 pair of gloves
SInv    .            (no boots)
Will    .....        m - amulet of regeneration
Stlth   ++           f - ring of protection from cold
HPRegen 1.04/turn    j - +5 ring of evasion
MPRegen 0.15/turn

%: no passive effects
@: drained
A: no striking features
a: Evoke Invisibility


You were on level 4 of the Dungeon.
You visited 1 branch of the dungeon, and saw 4 of its levels.

You collected 109 gold pieces.

Inventory:

Armour
 a - a +0 robe (worn)
 c - a scarf of invisibility (worn)
 r - a +0 pair of gloves (worn)
Jewellery
 f - a ring of protection from cold (left hand)
 j - a +5 ring of evasion (right hand)
 m - an amulet of regeneration (around neck)
Wands
 q - a wand of flame (15)
Scrolls
 d - 3 scrolls of identify {unknown}
 g - a scroll of fear {unknown}
 h - a scroll of poison {unknown}
 i - 3 scrolls of acquirement {unknown}
 k - a scroll of teleportation {unknown}
Potions
 b - 2 potions of magic
 e - a potion of brilliance {unknown}
 l - a potion of attraction {unknown}
 n - a potion of enlightenment {unknown}
 o - a potion of degeneration {unknown}
 p - 2 potions of heal wounds {unknown}


   Skills:
 - Level 2.4 Dodging
 - Level 2.4 Stealth
 + Level 6.0 Spellcasting
 + Level 3.3 Conjurations
 + Level 5.2 Fire Magic


You had 14 spell levels left.
You knew the following spells:

 Your Spells              Type           Power      Damage    Failure   Level
a - Foxfire               Conj/Fire      100%       2x1d9     1%          1
b - Scorch                Fire           58%        2d7       1%          2

Your spell library contained the following spells:

 Spells                   Type           Power      Damage    Failure   Level
 Magic Dart               Conj           84%        1d7       2%          1
 Searing Ray              Conj           42%        2d6       3%          2
 Momentum Strike          Conj/Tloc      28%        3d8       7%          2
 Sting                    Tmut/Pois      24%        1d4       9%          1
 Inner Flame              Hex/Fire       18%        N/A       10%         3
 Volatile Blastmotes      Fire/Tloc      36%        2d13      10%         3
 Blink                    Tloc           12%        N/A       14%         2
 Lesser Beckoning         Tloc           12%        N/A       14%         2
 Poisonous Vapours        Pois/Air       12%        N/A       14%         2
 Dazzling Flash           Conj/Hex       28%        N/A       14%         3
 Flame Wave               Conj/Fire      25%        2d8       16%         4
 Fulminant Prism          Conj/Hex       7%         3d7       41%         4
 Manifold Assault         Tloc           6%         N/A       65%         4
 Olgreb's Toxic Radiance  Pois           6%         N/A       65%         4
 Agony                    Necr           6%         N/A       94%         5
 Silence                  Hex/Air        3%         N/A       94%         5


Dungeon Overview and Level Annotations

Branches:
Dungeon (4/15)
 Temple: D:4-7

Altars:
Elyvilon

Shops:
D:1 (

Annotations:
D:3 2 runed translucent doors, initializr's ghost, amateur VSBr


Message History

The wight is severely damaged.
The wight closely misses you.
Unknown command.
Unknown command.
Unknown command.
The wight attacks as you move away! The wight barely misses you.
The foxfire hits the wight but does no damage.
The wight is severely damaged.
The foxfire hits the wight but does no damage.
The wight is severely damaged.
Unknown command.
Aiming: Throw Flame
Press: ? - help, Shift-Dir - straight line, f - wight
Aim: a wight, wielding a +0 dire flail of protection and wearing a +0 robe (severely damaged, more vulnerable to fire, 68% to hit)
The puff of flame hits the wight but does no damage.
The wight is severely damaged.
The wight is no longer more vulnerable to fire.
The wight hits you with a +0 dire flail of protection!
* * * LOW HITPOINT WARNING * * *
Aiming: Throw Flame
Press: ? - help, Shift-Dir - straight line, f/p - wight
Aim: a wight, wielding a +0 dire flail of protection and wearing a +0 robe (severely damaged, 68% to hit)
The puff of flame hits the wight.
The wight is severely damaged.
The wight hits you with a +0 dire flail of protection.
* * * LOW HITPOINT WARNING * * *
You feel drained.
* * * LOW HITPOINT WARNING * * *
Unknown command.
Magic courses through your body. The wight completely misses you.
Unknown command.
Unknown command.
Unknown command.
Casting: Foxfire (safe; 1% risk of failure)
Confirm with . or Enter, or press ? or * to list all spells.
Flames lash the wight.
The wight is moderately damaged.
The wight's fire resistance burns away.
The wight hits you with a +0 dire flail of protection!
You die...

.z..z...#...........#....
........#...........#....
........#..........##....
#.##...##....##....
##.##...##....##....
#.).....##....##....
#.............+.....
#.zz..........##....
.......#..@........<.##....
.......#.............#.....
......+.............+.....
#....##......##....#.....
......##....##......##....#.....
.....+.............##....##....
#....##............##....##...)
##....##...>.......).......#.†..
#............).............'....


You could see 2 wights.

Vanquished Creatures
  A wight (D:4)
  A hound (D:4)
  Jessica (D:3)
  A scorpion zombie (D:3)
  An iguana (D:4)
  A hound skeleton (D:3)
  5 adders
  2 adder zombies (D:3)
  3 adder skeletons (D:3)
  3 worms
  2 dart slugs
  5 endoplasms
  A giant cockroach (D:1)
  7 goblins
  3 hobgoblins
  6 kobolds
  10 ball pythons
  A ball python skeleton (D:3)
  2 ball python zombies (D:3)
  2 bats (D:1)
  2 frilled lizards (D:1)
  A giant cockroach zombie (D:3)
  A jackal skeleton (D:3)
  A quokka skeleton (D:3)
  4 rats
67 creatures vanquished.

Vanquished Creatures (collateral kills)
  8 foxfires (D:3)
8 creatures vanquished.

Vanquished Creatures (others)
  406 foxfires
406 creatures vanquished.

Grand Total: 481 creatures vanquished

Notes
Turn   | Place    | Note
-------+----------+-------------------------------------------
     0 | D:1      | gruber the Deep Elf Fire Elementalist began the quest for
                  | the Orb.
     0 | D:1      | Reached XP level 1. HP: 10/10 MP: 6/6
    54 | D:1      | Found Umuce's Weapon Shop.
    92 | D:1      | Reached XP level 2. HP: 15/15 MP: 0/8
   556 | D:1      | Learned a level 2 spell: Scorch
   880 | D:2      | Reached skill level 4 in Spellcasting
   927 | D:2      | Reached XP level 3. HP: 19/19 MP: 5/10
  1681 | D:3      | Reached XP level 4. HP: 24/24 MP: 7/12
  1771 | D:3      | Found a white marble altar of Elyvilon.
  2317 | D:3      | Found a large runed translucent door.
  2317 | D:3      | Found a large runed translucent door.
  2319 | D:3      | Noticed initializr's ghost (amateur VSBr)
  2446 | D:3      | Noticed Jessica
  2450 | D:3      | Killed Jessica
  2451 | D:3      | Reached skill level 5 in Spellcasting
  2451 | D:3      | Reached XP level 5. HP: 28/28 MP: 8/14
  3267 | D:4      | Reached skill level 5 in Fire Magic
  3573 | D:4      | Reached skill level 6 in Spellcasting
  3573 | D:4      | Reached XP level 6. HP: 19/32 MP: 10/17
  3582 | D:4      | HP: 1/29 [wight/+0 dire flail of protection (1)]
  3584 | D:4      | Mangled by a wight

Illustrated notes

Levels and vault maps discovered:
D:1:      minmay_arrival_arboretum_small, layout_rooms, serial_shops, shop
D:2:      layout_basic
D:3:      layout_loops_ring, lemuel_coloured_pillars_altar, serial_undead,
          serial_undead_d, serial_undead_f, serial_undead_b, serial_undead_d,
          serial_undead_f, serial_undead_c, serial_undead_c, serial_undead_e,
          serial_undead_a, serial_undead_c, ebering_ghost_disaster_area,
          uniq_jessica
D:4:      layout_gridville

Skill      XL: |  1  2  3  4  5 |
---------------+----------------+-----
Spellcasting   | 4 5 6 |  6.0
Fire Magic     | 4 5 |  5.2
Conjurations   | 2 3 |  3.3
Dodging        | |  2.4
Stealth        | |  2.4

Action                     |  1- 3 |  4- 6 || total
---------------------------+-------+-------++-------
  Melee: Unarmed           |     6 |       ||     6
   Cast: Foxfire           |   100 |   149 ||   249
         Scorch            |       |     6 ||     6
  Evoke: Wand              |       |     2 ||     2
    Use: Potion            |       |     1 ||     1
   Stab: Sleeping          |     1 |       ||     1
 Armour: Robe              |     1 |     1 ||     2
  Dodge: Dodged            |    10 |    19 ||    29

Table legend: (Time is in decaauts)
 A = Elapsed time spent in this place.
 B = Non-inter-level travel time spent in this place.
 C = Inter-level travel time spent in this place.
 D = Time resting spent in this place.
 E = Time spent auto-exploring this place.
 F = Levels seen in this place.
 G = Mean time per level.
                   A        B        C        D        E       F      G
               +--------+--------+--------+--------+--------+-----+--------+
         Total |   3584 |   3514 |     70 |      0 |   3059 |   4 |  896.0 |
       Dungeon |   3584 |   3514 |     70 |      0 |   3059 |   4 |  896.0 |
               +--------+--------+--------+--------+--------+-----+--------+

Top non-repeatable levels by time:
     D:3: 1415 daAuts
     D:1: 873 daAuts
     D:2: 700 daAuts
     D:4: 594 daAuts
